cohdb
Replays
Latest Replays
All Replays
Popular Replays
Top Player Replays
Match Explorer
How It Works
Community
CoH3 Stats
Reddit
Sign in to upload your games and track your stats! →
Sign in with Steam
Match 27875895
Unlisted
Match 27875895
Overview
Messages
Build Orders
End
Construct Barracks
Selects Armored Battlegroup
Selects Veteran Crews
1⁄4-ton 4x4 Truck
Riflemen Squad
Riflemen Squad
Infantry Support Center
M1 Mortar Team
Construct Motor Pool
Riflemen Squad
M1918 Browning Automatic Rifles
M1 Anti-tank Gun Team
Construct Medical Station
Grenade Package
M1 Anti-tank Gun Team
^3
Grunt
0
0
Comments
sign in to comment!
No comments posted yet!